 Dungeon Crawl Stone Soup version 0.32-a0-163-g159c032296 (webtiles) character file.

Game seed: 12455650529487254619

3105 jasper the Apothecary (level 9, -2/52 HPs)
             Began as a Deep Elf Alchemist on Feb 11, 2024.
             Was a Believer of Makhleb.
             Slain by an orc knight
             ... wielding a +0 halberd
              (15 damage)
             ... in a bailey.
             The game lasted 00:19:00 (8729 turns).

jasper the Apothecary (Deep Elf Alchemist)          Turns: 8729, Time: 00:19:01

Health: -2/52      AC: 12    Str:  5    XL:     9   Next: 60%
Magic:  2/18       EV: 14    Int: 25    God:    Makhleb [**....]
Gold:   496        SH:  6    Dex: 15    Spells: 2/18 levels left

rFire   . . .        w - +1 dagger (drain)
rCold   . . .        T - +2 buckler
rNeg    . . .        U - +2 robe
rPois   +            O - +0 helmet
rElec   .            I - +2 cloak
rCorr   .            h - +2 pair of gloves
SInv    .            R - +0 pair of boots
Will    +....        (no amulet)
Stlth   ++           N - ring of willpower
HPRegen 0.28/turn    F - ring of poison resistance
MPRegen 0.16/turn

%: no passive effects
@: no status effects
A: no striking features
a: Renounce Religion, Minor Destruction


You were in a bailey.
You worshipped Makhleb.
Makhleb was pleased with you.
You visited 2 branches of the dungeon, and saw 9 of its levels.
You also visited: Sewer and Bailey.

You collected 496 gold pieces.

Inventory:

Hand Weapons
 c - a +0 dagger
 g - a +0 short sword
 i - a +1 dagger of venom
 k - a +0 trident
 w - a +1 dagger of draining (weapon)
 A - a +2 dagger of venom
 E - a +1 mace of holy wrath
Missiles
 d - 66 stones
 M - 2 throwing nets
Armour
 a - a +0 robe
 h - a +2 pair of gloves (worn)
 y - +0 ice dragon scales
 I - a +2 cloak (worn)
 L - a scarf of repulsion
 O - a +0 helmet (worn)
 R - a +0 pair of boots (worn)
 T - a +2 buckler (worn)
 U - a +2 robe (worn)
Jewellery
 n - a ring of positive energy
 s - a ring of fire
 t - a ring of ice
 u - a ring of fire
 F - a ring of poison resistance (right hand)
 J - a ring of see invisible
 N - a ring of willpower (left hand)
 P - a ring of protection from fire
 S - a ring of willpower
Wands
 b - a wand of flame (11)
 x - a wand of mindburst (12)
Scrolls
 f - 2 scrolls of torment
 p - 2 scrolls of teleportation
 z - a scroll of revelation
 C - 3 scrolls of identify
 D - a scroll of poison
 G - a scroll of summoning
 H - a scroll of fog
Potions
 e - a potion of mutation
 j - 2 potions of attraction
 l - 2 potions of brilliance
 m - 2 potions of resistance
 o - a potion of ambrosia
 q - 2 potions of berserk rage
 r - 2 potions of might
 v - 2 potions of enlightenment
 B - 2 potions of haste
 K - 3 potions of lignification
 Q - 3 potions of curing {unknown}
 V - a potion of magic
 W - a potion of cancellation {unknown}


   Skills:
 - Level 4.4 Fighting
 - Level 6.5 Dodging
 - Level 2.4 Stealth
 + Level 1.7 Shields
 - Level 5.0 Spellcasting
 - Level 3.0 Conjurations
 - Level 5.0 Hexes
 - Level 4.0 Fire Magic
 - Level 2.0 Air Magic
 - Level 7.0 Alchemy
 - Level 3.5 Invocations
 - Level 5.0 Evocations


You had 2 spell levels left.
You knew the following spells:

 Your Spells              Type           Power      Damage    Failure   Level
a - Sting                 Conj/Alch      100%       1d9       1%          1
b - Mephitic Cloud        Conj/Alch/Air  26%        N/A       9%          3
c - Olgreb's Toxic Radia  Alch           41%        N/A       9%          4
d - Sticky Flame          Fire/Alch      33%        2d7       16%         4
e - Apportation           Tloc           12%        N/A       14%         1
f - Tukima's Dance        Hex            31%        N/A       5%          3

Your spell library contained the following spells:

 Spells                   Type           Power      Damage    Failure   Level
 Mercury Vapours          Alch/Air       56%        N/A       3%          2
 Necrotise                Necr           24%        1d5       14%         1
 Summon Small Mammal      Summ           24%        N/A       14%         1
 Yara's Violent Unravell  Hex/Alch       18%        3d9       34%         5
 Call Canine Familiar     Summ           6%         N/A       41%         3
 Summon Blazeheart Golem  Fire/Summ      16%        N/A       54%         4
 Passage of Golubria      Tloc           6%         N/A       82%         4


Dungeon Overview and Level Annotations

Branches:
Dungeon (8/15)             Temple (1/1) D:5           Sewer (visited)
 Bailey (1/1)
   Lair: D:8-11

Altars:
Cheibriados
Dithmenos
Elyvilon
Fedhas
Gozag
Makhleb
Nemelex Xobeh
Okawaru
Qazlal
Sif Muna
Vehumet
Wu Jian
Xom
Zin

Annotations:
D:6 2 transporters
D:8 exclusion: acid dragon


Message History

Confirm with . or Enter, or press ? or * to list all spells.
Aiming: Tukima's Dance (dangerous; 5% risk of failure)
Press: ? - help, Shift-Dir - straight line, f - gnoll
Aim: a gnoll, wielding a +1 halberd of electrocution (heavily wounded, very poisoned, chance to affect: 69%)
The +1 halberd of electrocution dances into the air!
The gnoll looks as sick as possible!
Your toxic aura wanes.
You now have 7/18 mp.
Casting: Tukima's Dance (dangerous; 5% risk of failure)
Confirm with . or Enter, or press ? or * to list all spells.
Aiming: Tukima's Dance (dangerous; 5% risk of failure)
Press: ? - help, Shift-Dir - straight line, f - gnoll, p - gnoll
Aim: a gnoll, wielding a +2 halberd of electrocution (almost dead, extremely poisoned, chance to affect: 69%)
The gnoll struggles to resist.
You kill the gnoll!
Makhleb accepts your kill. The gnoll closely misses you.
You now have 4/18 mp.
You hit the gnoll.
You kill the gnoll!
Makhleb accepts your kill.
The orc knight hits you from afar with a +0 halberd!!
Your +1 halberd of electrocution hits the orc knight from afar!
Lightning courses through the orc knight!
You take 21 damage, and have 31/52 hp.
MASSIVE DAMAGE!!
Casting: Tukima's Dance (dangerous; 5% risk of failure)
Confirm with . or Enter, or press ? or * to list all spells.
Aiming: Tukima's Dance (dangerous; 5% risk of failure)
Press: ? - help, Shift-Dir - straight line, f - orc knight
Aim: an orc knight, wielding a +0 halberd (heavily wounded, very poisoned, ally target, chance to affect: 43%)
The orc knight resists with some effort.
The orc knight hits you from afar with a +0 halberd!!
* * * LOW HITPOINT WARNING * * *
Your +1 halberd of electrocution hits the orc knight from afar!
You take 19 damage, and have 12/52 hp.
MASSIVE DAMAGE!!
You now have 2/18 mp.
Your magical contamination has completely faded away.
There is an open door here.
The orc knight attacks as it pursues you!
The orc knight hits you from afar with a +0 halberd!
You die...

##### ##@'o#
+##+##'###†#
#....)## #).
#.....###
.!.!
+..⌠..'.#
(⌠.!+
#.)...###
!.!.#
##.....##
!.!#
##'##+##'###+
+##+ #.##
##.#.#


You could see an orc knight (poisoned).

Vanquished Creatures
  Pikel (D:8)
  Eustachio (D:6)
  An acid dragon (D:8)
  An ogre (D:4)
  A crocodile (Sewer)
  A centaur (D:6)
  A lemure (D:8)
  2 phantoms (D:5)
  A kobold brigand (D:6)
  A brain worm (Sewer)
  A gnoll sergeant (D:6)
  2 bullfrogs
  4 wights (D:7)
  4 howler monkeys
  2 jellies
  2 hounds (D:5)
  4 orc priests
  4 gnoll boudas
  2 sleepcaps
  2 iguanas (D:5)
  7 orc wizards
  27 gnolls
  10 adders
  7 river rats (D:3)
  A shadow imp (D:6)
  2 white imps
  2 ribbon worms (D:3)
  A dart slug (D:3)
  24 orcs
  16 bats
  9 endoplasms
  A giant cockroach (D:3)
  11 goblins
  7 hobgoblins
  3 jackals (D:1)
  13 kobolds
  2 quokkas
  4 ball pythons
  A frilled lizard (D:2)
  11 rats
197 creatures vanquished.

Vanquished Creatures (collateral kills)
  An orc warrior (D:7)
  3 gnolls (Bailey)
  An orc (Bailey)
5 creatures vanquished.

Grand Total: 202 creatures vanquished

Notes
Turn   | Place    | Note
-------+----------+-------------------------------------------
     0 | D:1      | jasper the Deep Elf Alchemist began the quest for the Orb.
     0 | D:1      | Reached XP level 1. HP: 10/10 MP: 6/6
   292 | D:1      | Reached XP level 2. HP: 15/15 MP: 5/8
   977 | D:1      | Reached skill level 4 in Alchemy
   984 | D:1      | Reached XP level 3. HP: 19/19 MP: 3/9
   988 | D:1      | Learned a level 3 spell: Mephitic Cloud
  1635 | D:2      | Reached skill level 1 in Air Magic
  1957 | D:2      | Reached XP level 4. HP: 24/24 MP: 6/10
  1962 | D:2      | Learned a level 4 spell: Olgreb's Toxic Radiance
  2270 | D:3      | Reached skill level 5 in Alchemy
  2281 | D:3      | Reached XP level 5. HP: 25/28 MP: 2/11
  2395 | D:3      | Found a glowing drain.
  2400 | Sewer    | Entered a sewer
  2540 | Sewer    | Reached skill level 6 in Alchemy
  2630 | Sewer    | Noticed a crocodile
  2646 | Sewer    | Killed a crocodile
  2647 | Sewer    | Reached XP level 6. HP: 27/32 MP: 3/12
  2996 | D:4      | Reached skill level 7 in Alchemy
  3106 | D:4      | Learned a level 4 spell: Sticky Flame
  3558 | D:4      | Learned a level 1 spell: Apportation
  3573 | D:4      | Reached skill level 1 in Fire Magic
  3718 | D:5      | Entered Level 5 of the Dungeon
  3872 | D:5      | Reached XP level 7. HP: 22/36 MP: 11/15
  4261 | D:5      | Reached skill level 1 in Evocations
  4440 | D:5      | Found a shimmering altar of Xom.
  4440 | D:5      | Noticed an angel
  4458 | D:5      | Found a glowing silver altar of Zin.
  4506 | D:5      | Reached skill level 1 in Fighting
  4891 | D:5      | Found a staircase to the Ecumenical Temple.
  4953 | Temple   | Entered the Ecumenical Temple
  4971 | Temple   | Became a worshipper of Makhleb the Destroyer
  5318 | D:4      | Reached XP level 8. HP: 34/44 MP: 8/16
  6180 | D:6      | Noticed Eustachio
  6190 | D:6      | Reached skill level 5 in Evocations
  6199 | D:6      | Killed Eustachio
  6200 | D:6      | Reached skill level 5 in Dodging
  6289 | D:6      | Found a radiant altar of Vehumet.
  6289 | D:6      | Noticed a gargoyle
  6292 | D:6      | Found a transporter.
  6293 | D:6      | Noticed a komodo dragon
  6316 | D:6      | Reached * piety under Makhleb
  6328 | D:6      | Reached skill level 1 in Invocations
  6386 | D:6      | Found a transporter.
  6485 | D:6      | Found a blossoming altar of Fedhas.
  6753 | D:7      | Reached skill level 5 in Spellcasting
  6759 | D:6      | Learned a level 3 spell: Tukima's Dance
  6923 | D:7      | Reached skill level 1 in Hexes
  7081 | D:7      | Reached XP level 9. HP: 52/52 MP: 13/18
  7589 | D:7      | Reached ** piety under Makhleb
  8093 | D:8      | Found a shadowy altar of Dithmenos.
  8131 | D:8      | Noticed Pikel
  8145 | D:8      | Killed Pikel
  8146 | D:8      | Reached skill level 5 in Hexes
  8177 | D:8      | Found a flagged portal.
  8275 | Bailey   | Entered a bailey
  8289 | Bailey   | Reached skill level 1 in Shields
  8720 | Bailey   | Noticed an orc knight
  8729 | Bailey   | Slain by an orc knight

Illustrated notes

Levels and vault maps discovered:
D:1:      giann_bridges, layout_loops_corners
D:2:      layout_rooms, minmay_fractal_squares_gapless_5
D:3:      layout_rooms, lightli_sewer_entry_pipes, serial_curves,
          eino_curves_03, eino_curves_02, eino_curves_03, eino_curves_03
D:4:      layout_loops_cross
D:5:      layout_gridville, grunt_temple_overflow_order_and_chaos_1,
          minmay_temple_entry_crystal_x, serial_bayou_pond_e
D:6:      layout_cave_pools, mainiacjoe_overflow_alcove_1,
          gammafunk_temple_overflow_arena, uniq_eustachio
D:7:      layout_cave_pools, roderic_batcave
D:8:      layout_basic, lemuel_tele_altar, evilmike_ruin_ashenzari,
          mainiacjoe_overflow_concentric_impassable,
          mainiacjoe_overflow_tiny_flanked, erik_lair_orcish_takeover,
          enter_bailey_2, uniq_pikel, uniq_maurice, uniq_erica
Temple:   hellmonk_temple_forest_ring
Bailey:   bailey_polearm_nasty_gnolls, bailey

Skill      XL: |  1  2  3  4  5  6  7  8  9 |
---------------+----------------------------+-----
Conjurations   | 2 3 |  3.0
Alchemy        | 4 5 6 7 |  7.0
Air Magic      | 1 2 |  2.0
Spellcasting   | 4 5 |  5.0
Fire Magic     | 2 4 |  4.0
Evocations     | 3 5 |  5.0
Fighting       | 2 3 4 |  4.4
Dodging        | 3 5 6 |  6.5
Invocations    | 1 3 |  3.5
Hexes          | 1 5 |  5.0
Shields        | 1 |  1.7
Stealth        | |  2.4

Action                     |  1- 3 |  4- 6 |  7- 9 || total
---------------------------+-------+-------+-------++-------
  Melee: Dagger            |    19 |    45 |    74 ||   138
         Punch             |       |     1 |     3 ||     4
         Mace              |       |       |    13 ||    13
  Throw: Stone             |     4 |     1 |     1 ||     6
   Cast: Sting             |    72 |    53 |    38 ||   163
         Olgreb's Toxic Ra |       |     5 |    59 ||    64
         Sticky Flame      |       |     1 |     9 ||    10
         Mephitic Cloud    |       |     1 |       ||     1
         Tukima's Dance    |       |       |    18 ||    18
  Evoke: Wand              |       |     3 |     3 ||     6
    Use: Scroll            |     6 |     7 |     4 ||    17
         Potion            |       |     2 |     3 ||     5
   Stab: Sleeping          |       |     2 |     4 ||     6
 Armour: Robe              |    16 |    32 |    83 ||   131
  Dodge: Dodged            |    23 |    33 |    74 ||   130
  Block: Buckler           |       |       |     5 ||     5

Table legend: (Time is in decaauts)
 A = Elapsed time spent in this place.
 B = Non-inter-level travel time spent in this place.
 C = Inter-level travel time spent in this place.
 D = Time resting spent in this place.
 E = Time spent auto-exploring this place.
 F = Levels seen in this place.
 G = Mean time per level.
                   A        B        C        D        E       F      G
               +--------+--------+--------+--------+--------+-----+--------+
         Total |   8741 |   8460 |    281 |   1523 |   5118 |  11 |  794.6 |
       Dungeon |   7806 |   7542 |    264 |   1191 |   4728 |   8 |  975.8 |
        Temple |     36 |     19 |     17 |      0 |      0 |   1 |   36.0 |
         Sewer |    443 |    443 |      0 |    234 |    128 |   1 |  443.0 |
        Bailey |    454 |    454 |      0 |     97 |    262 |   1 |  454.0 |
               +--------+--------+--------+--------+--------+-----+--------+

Top non-repeatable levels by time:
     D:5: 1659 daAuts
     D:1: 1368 daAuts
     D:7: 1278 daAuts
     D:3: 948 daAuts
     D:6: 858 daAuts
     D:4: 834 daAuts
     D:2: 658 daAuts
  Bailey: 454 daAuts
   Sewer: 443 daAuts
     D:8: 199 daAuts
  Temple: 36 daAuts
